 Dungeon Crawl Stone Soup version 0.30.0-5-g1a98f26d00 (webtiles) character file.

Game seed: 15862787805819902355

0 hawla the Firebug (level 1, -1/14 HPs)
             Began as a Meteoran Fire Elementalist on May 12, 2023.
             Slain by a goblin
             ... wielding a +0 club
              (3 damage)
             ... on level 2 of the Dungeon.
             The game lasted 00:00:40 (188 turns).

hawla the Firebug (Meteoran Fire Elementalist)       Turns: 188, Time: 00:00:51

Health: -1/14      AC:  2    Str:  9    XL:     1   Next: 0%
Magic:  0/5        EV: 12    Int: 16    God:
Gold:   5          SH:  0    Dex: 14    Spells: 4/5 levels left

rFire   . . .        (no weapon)
rCold   . . .        (no shield)
rNeg    . . .        a - +0 robe
rPois   .            (no helmet)
rElec   .            (no cloak)
rCorr   .            (no gloves)
SInv    .            (no boots)
Will    .....        (no amulet)
Stlth   +            (no ring)
HPRegen 0.22/turn    (no ring)
MPRegen 0.09/turn

%: no passive effects
@: brilliant, very slightly contaminated, glowing
A: sense surroundings 1, otherworldly, glowing, explore regen
a: no special abilities


You were on level 2 of the Dungeon.
You visited 1 branch of the dungeon, and saw 2 of its levels.

You collected 5 gold pieces.

Inventory:

Armour
 a - a +0 robe (worn)
Potions
 b - a potion of magic
 d - a potion of flight {unknown}


   Skills:
 + Level 2.4 Dodging
 - Level 1.4 Stealth
 + Level 2.6 Spellcasting
 + Level 1.2 Conjurations
 + Level 3.6 Fire Magic


You had 4 spell levels left.
You knew the following spells:

 Your Spells              Type           Power      Damage    Failure   Level
a - Foxfire               Conj/Fire      56%        2x1d6     7%          1

Your spell library contained the following spells:

 Spells                   Type           Power      Damage    Failure   Level
 Scorch                   Fire           40%        2d6       7%          2
 Inner Flame              Hex/Fire       11%        N/A       28%         3
 Volatile Blastmotes      Fire/Tloc      22%        2d11      28%         3
 Flame Wave               Conj/Fire      14%        2d6       56%         4


Dungeon Overview and Level Annotations

Branches:
Dungeon (2/15) Zot: 1011

Altars:


Innate Abilities, Weirdness & Mutations

You passively map a small area around you.
You are easily found by Zot.
You glow in the dark.
You regain HP and MP as you explore.


Message History

The adder is moderately wounded.
The adder closely misses you. The adder attacks as you move away!
The adder bites you. The adder barely misses you.
Casting: Foxfire (safe; 7% risk of failure)
Confirm with . or Enter, or press ? or * to list all spells.
You conjure some foxfire!
The adder barely misses you. The adder attacks as you move away!
The adder bites you but does no damage.
An adder comes into view.
The adder hisses angrily.
The foxfire hits the adder.
The adder is severely wounded.
The foxfire hits the adder.
The adder is severely wounded.
Casting: Foxfire (safe; 7% risk of failure)
Confirm with . or Enter, or press ? or * to list all spells.
You miscast Foxfire.
Nothing appears to happen.
The adder bites you. The adder closely misses you.
Casting: Foxfire (safe; 7% risk of failure)
Confirm with . or Enter, or press ? or * to list all spells.
You conjure some foxfire!
The adder closely misses you. The goblin attacks as you move away!
The goblin barely misses you.
The foxfire hits the goblin.
The goblin is severely wounded.
The foxfire hits the adder but does no damage.
The adder is severely wounded.
Casting: Foxfire (safe; 7% risk of failure)
Confirm with . or Enter, or press ? or * to list all spells.
You conjure some foxfire!
The adder bites you. x3
* * * LOW HITPOINT WARNING * * *
The adder bites you but does no damage. The goblin barely misses you.
The frilled lizard hisses.
It was a potion of brilliance.
You feel clever all of a sudden.
The foxfire hits the adder.
You kill the adder!
The foxfire hits the adder.
The adder is lightly wounded.
The adder bites you but does no damage. The goblin hits you with a +0 club.
You die...

, * ..#.........#
.# *
#.#.........###.# ,
##...$...........
#..............#*
#..............#
...............# *
...............###.
.......<..g........
,
..........l@S......
,
..........?........
*
.#...=$............
, ,
...##..............
, * , ..
*##............. ,,
. #............. ,
#...###.#..... *
##.. ...###., ,


You could see an adder, a goblin and a frilled lizard.

Vanquished Creatures
  An adder (D:2)
1 creature vanquished.

Vanquished Creatures (others)
  8 foxfires (D:2)
8 creatures vanquished.

Grand Total: 9 creatures vanquished

Notes
Turn   | Place    | Note
-------+----------+-------------------------------------------
     0 | D:1      | hawla the Meteoran Fire Elementalist began the quest for
                  | the Orb.
     0 | D:1      | Reached XP level 1. HP: 14/14 MP: 5/5
   188 | D:2      | Slain by a goblin

Illustrated notes

Levels and vault maps discovered:
D:1:      dpeg_arrival_circle_labyrinth_c, layout_loops_ring,
          serial_co_window_serial, co_window_corner_a, co_window_paths_b,
          co_window_paths_b, co_window_cross_1, co_window_of_opportunity_a,
          co_window_paths_a, co_window_paths_a, co_window_cross_2,
          co_window_of_opportunity_c, co_window_broadway_c, co_window_corner_cb,
          glass_columns_a
D:2:      minmay_evil_eye, layout_rooms,
          hellmonk_ecumenical_altar_pennies_from_heaven

Action                     || total
---------------------------++-------
   Cast: Foxfire           ||     4
    Use: Potion            ||     1
 Armour: Robe              ||     3
  Dodge: Dodged            ||     8
